 Dungeon Crawl Stone Soup version 0.30.0-15-g856e2d3f33 (webtiles) character file.

Game seed: 7347872208049146185

5 croobank the Sneak (level 1, -3/30 HPs)
             Began as a Minotaur Delver on May 18, 2023.
             Slain by Duvessa
             ... wielding a +4 rapier
              (5 damage)
             ... on level 4 of the Dungeon.
             The game lasted 00:04:13 (309 turns).

croobank the Sneak (Minotaur Delver)                 Turns: 309, Time: 00:04:13

Health: -3/30      AC: 20    Str: 16    XL:     1   Next: 66%
Magic:  0/0        EV:  2    Int:  7    God:
Gold:   30         SH:  0    Dex: 11    Spells: 0/0 levels left

rFire   . . .        a - +0 hand axe
rCold   . . .        (no shield)
rNeg    . . .        c - melded +0 ring mail
rPois   +            (helmet currently unavailable)
rElec   .            (cloak currently unavailable)
rCorr   .            (gloves currently unavailable)
SInv    .            (boots currently unavailable)
Will    .....        (no amulet)
Stlth   ++           (no ring)
HPRegen 0.25/turn    (no ring)
MPRegen 0.07/turn

%: no passive effects
@: tree-form, weak-willed, hasted (expiring), very quick
A: stationary, stasis, torment immunity, boosted hp, (horns 2), (retaliatory
headbutt)
a: no special abilities


You were on level 4 of the Dungeon.
You were a tree.
You visited 1 branch of the dungeon, and saw 3 of its levels.

You collected 30 gold pieces.

Inventory:

Hand Weapons
 a - a +0 hand axe (weapon)
 b - a +0 short sword
Missiles
 i - 3 poisoned darts (quivered)
Armour
 c - a +0 ring mail (melded)
Jewellery
 k - a ring of protection from fire
Wands
 g - a wand of digging (2)
Scrolls
 h - a scroll of fog


   Skills:
 + Level 3.7 Fighting
 + Level 2.5 Axes
 * Level 0.9 Armour
 + Level 2.3 Dodging
 - Level 4.1 Stealth


You couldn't memorise any spells.
You didn't know any spells.
Your spell library contained the following spells:

 Spells                   Type           Power      Damage    Failure   Level
 Ozocubu's Armour         Ice            0%         N/A       80%         3
 Metabolic Englaciation   Hex/Ice        0%         N/A       100%        5
 Simulacrum               Ice/Necr       0%         N/A       100%        6


Dungeon Overview and Level Annotations

Branches:
Dungeon (6/15)
 Temple: D:4-7

Altars:

Annotations:
D:4 Dowan, Duvessa


Innate Abilities, Weirdness & Mutations

You are a tree.
Your roots penetrate the ground, keeping you stationary.
You cannot be teleported.
You are immune to unholy pain and torment.
Your maximum health is greatly increased.
Your equipment is partially melded.
((You have a pair of horns on your head.))
((You reflexively headbutt those who attack you in melee.))


Message History

Aim: Dowan, wielding a +0 dagger, wearing a +0 robe and carrying a wand of light (5) (43% to hit)
You throw a poisoned dart. The poisoned dart hits Dowan.
Dowan is poisoned.
You cannot move.
The iguana hisses angrily.
You hit the phantom.
The phantom is lightly damaged.
You miss the phantom.
The phantom is lightly damaged.
The phantom hits you but does no damage.
You barely miss the phantom.
The phantom is lightly damaged.
Your extra speed is starting to run out.
The phantom hits you but does no damage.
You closely miss the phantom.
The phantom is lightly damaged.
The phantom hits you but does no damage.
You barely miss the phantom.
The phantom is lightly damaged.
The iguana hisses menacingly.
The phantom hits you but does no damage.
Dowan zaps a wand.
The bolt of light hits you!
You are confused.
* * * LOW HITPOINT WARNING * * *
You hit the phantom.
The phantom is lightly damaged.
You are too confused!
You aren't carrying any potions.
You nearly hit yourself!
The phantom hits you but does no damage.
You closely miss the phantom.
The phantom is lightly damaged.
You hit Duvessa but do no damage. You closely miss Dowan.
Dowan hits you but does no damage. Duvessa hits you but does no damage.
The phantom hits you but does no damage.
You hit Duvessa but do no damage. You barely miss the phantom.
You hit the iguana. You miss Dowan.
You feel less confused.
The iguana bites you but does no damage.
Duvessa hits you with a +4 rapier.
You die...

********** **+******
*,,,,*,,,****,,,,,,,*
*,,,,*,,,,,,*,,,,,,,*
*,,,,*,,,,,,*,,,,,,,*
*,,,,*,,,,,,*#+####*#***********
*,,,,*,,,,,,*#....# #.,,,,,,,,,*
*,,,,*,,.#####....###.#####*##,*
*,,,,*,...........+,.,..#...l#,*
*,,,,*,.........♣l###.#.#.#.##.##
,,,,,,,........eWe..#.#.#........
,,,,,,,..................>#,##.#*
****,,,...........#.#.#.#.#....#,
,,,*,,,,#.........#.#.#.....#***,
,,,*,,,,#...........#.#...#.# *,
,,,*,,,,#...........#.#.#...# *,
,,,*,,,,#.......(.#(#.#.#...#***,
,,,*,,,,######..#.#'#.#.#.....,,,


You could see Duvessa, a phantom (weak-willed), Dowan (poisoned) and an iguana.

Vanquished Creatures
  2 orcs (D:5)
  A kobold (D:6)
3 creatures vanquished.

Notes
Turn   | Place    | Note
-------+----------+-------------------------------------------
     0 | D:5      | croobank the Minotaur Delver began the quest for the Orb.
     0 | D:5      | Reached XP level 1. HP: 19/19 MP: 0/0
    29 | D:6      | Noticed an ice beast
    42 | D:6      | Noticed a kobold brigand
    97 | D:6      | Noticed a black bear
   177 | D:5      | Noticed an iguana
   184 | D:5      | Noticed an iguana
   191 | D:5      | Noticed an orc wizard
   250 | D:4      | HP: 1/20 [iguana (12)]
   271 | D:4      | Noticed Duvessa
   271 | D:4      | Noticed Dowan
   275 | D:4      | Noticed a phantom
   305 | D:4      | HP: 1/30 [Dowan/bolt of light (14)]
   309 | D:4      | Slain by Duvessa

Illustrated notes

Levels and vault maps discovered:
D:4:      layout_basic, uniq_ijyb, uniq_pikel, uniq_duvessa
D:5:      nicolae_cairo_tiling_large_dashed, layout_loops_ring, serial_shops,
          shop, grunt_ministairs_13, uniq_blork_the_orc
D:6:      layout_basic, serial_rivers, chequers_serial_rivers_marsh,
          chequers_serial_rivers_micro_b, chequers_serial_rivers_micro_b,
          chequers_serial_rivers_small_a, due_unseen_surprise

Action                     || total
---------------------------++-------
  Melee: Hand axe          ||    17
         Headbutt          ||     2
  Throw: Dart              ||     3
  Evoke: Wand              ||     1
    Use: Scroll            ||     4
         Potion            ||     2
 Armour: Skin              ||     9
         Ring mail         ||     4
  Dodge: Dodged            ||    13
